 Dungeon Crawl Stone Soup version 0.31-a0-218-g813d01f837 (webtiles) character file.

Game seed: 16899120877004469797

64 qw the Chopper (level 4, 0/28 HPs)
             Began as a Gargoyle Fighter on July 3, 2023.
             Slain by a gnoll
             ... wielding a +0 spear
              (4 damage)
             ... on level 2 of the Dungeon.
             The game lasted 00:00:33 (1323 turns).

qw the Chopper (Gargoyle Fighter)                   Turns: 1323, Time: 00:00:33

Health: 0/28       AC: 10    Str: 22    XL:     4   Next: 12%
Magic:  4/4        EV: 10    Int:  8    God:
Gold:   125        SH:  5    Dex: 15    Spells: 3/3 levels left

rFire   . . .        Y - +1 war axe
rCold   . . .        c - +0 buckler
rNeg    + . .        b - +0 scale mail
rPois   inf          (no helmet)
rElec   +            (no cloak)
rCorr   .            (no gloves)
SInv    .            (no boots)
Will    .....        (no amulet) Stlth
                     g - +6 ring of dexterity
HPRegen 0.24/turn    (no ring)
MPRegen 0.09/turn

%: no passive effects
@: no status effects
A: sickness immunity, AC +3, negative energy resistance 1, electricity
resistance, torment resistance 1, petrification resistance
a: no special abilities


You were on level 2 of the Dungeon.
You visited 1 branch of the dungeon, and saw 2 of its levels.

You collected 125 gold pieces.


Innate Abilities, Weirdness & Mutations

You are immune to sickness and miasma.
Your stone body is resilient. (AC +3)
You are immune to poison.
You resist negative energy. (rN+)
You are resistant to electric shocks. (rElec)
You are resistant to unholy torment.
You are immune to petrification.


   Skills:
 - Level 3.2 Fighting
 + Level 3.5 Axes
 - Level 3.2 Armour
 - Level 1.1 Dodging
 - Level 3.2 Shields


You had 3 spell levels left.
You didn't know any spells.
Your spell library was empty.

Inventory:

Hand Weapons
 j - a +0 whip
 Y - a +1 war axe (weapon)
Armour
 b - a +0 scale mail (worn)
 c - a +0 buckler (worn)
Jewellery
 g - a +6 ring of dexterity (left hand)
Scrolls
 a - 4 scrolls of identify
Potions
 d - 2 potions of might
 e - a potion of mutation {unknown}
 f - a potion of cancellation {unknown}
 h - a potion of lignification {unknown}
 i - a potion of curing {unknown}

Dungeon Overview and Level Annotations

Branches:
Dungeon (2/15)

Altars:


Message History

The gnoll shouts! x3
Enter note:
Enter note:
Enter note:
Enter note:
Enter note:
Enter note:
Enter note:
Enter note:
Enter note: You barely miss the gnoll.
The gnoll hits you but does no damage.
You slash the gnoll!
The gnoll is severely wounded.
The gnoll hits you from afar with a +0 spear.
You block the gnoll's attack.
You slash the gnoll!
You kill the gnoll!
You block the gnoll's attack.
The gnoll hits you from afar with a +0 spear.
1318 ||| Stepping ~*~*~tactically~*~*~ (hiding).
You slash the gnoll!
The gnoll is almost dead.
You slash the gnoll! You block the gnoll's attack.
The gnoll hits you but does no damage.
The gnoll hits you from afar with a +0 spear.
You hit the gnoll.
You kill the gnoll!
You hit the gnoll but do no damage. The gnoll barely misses you. x2
You have reached level 4!
You feel stronger.
You hit the gnoll.
The gnoll is almost dead.
The gnoll hits you with a +0 spear. The gnoll hits you but does no damage.
The gnoll hits you with a +0 spear.
The gnoll hits you from afar with a +0 spear.
You slash the gnoll!
You kill the gnoll!
The gnoll hits you from afar with a +0 spear.
You die...

######.###..########
#..............
#..##.#.######
#..##.#.# ########
#..##.#.# .......#
#..##.#.#
######.###..##.#.#
#.........#.#
#####..####@# #..#
#))g.....
##########..#
#########
............#
............#
############# # # #


You could see a gnoll.

Vanquished Creatures
  3 gnolls (D:2)
  2 adders (D:2)
  A dart slug (D:2)
  An endoplasm (D:1)
  A giant cockroach (D:2)
  2 goblins (D:1)
  4 hobgoblins
  2 ball pythons (D:1)
  2 bats (D:1)
  2 frilled lizards
  4 kobolds
  5 rats
29 creatures vanquished.

Notes
Turn   | Place    | Note
-------+----------+-------------------------------------------
     0 | D:1      | qw the Gargoyle Fighter began the quest for the Orb.
     0 | D:1      | Reached XP level 1. HP: 14/14 MP: 1/1
     0 | D:1      | 0 ||| qw: Version: 0.3-a-40-ge99b1a8
     0 | D:1      | 0 ||| qw: Game counter: 304
     0 | D:1      | 0 ||| qw: Melee chars always use a shield: true
     0 | D:1      | 0 ||| qw: God list: Okawaru
     0 | D:1      | 0 ||| qw: Allow faded altars: false
     0 | D:1      | 0 ||| qw: Do Orc after clearing Dungeon:15 true
     0 | D:1      | 0 ||| qw: Do second Lair branch before Depths: true
     0 | D:1      | 0 ||| qw: Lair rune preference: random
     0 | D:1      | 0 ||| qw: Goals: Normal, Zot:1-4, Slime:5, God:TSO, Crypt,
                  | Tomb, Abyss, Pan, Hells, Win
     0 | D:1      | 0 ||| PLANNING D:1-11
   196 | D:1      | 196 ||| Stepping ~*~*~tactically~*~*~ (stealth).
   205 | D:1      | 205 ||| DROPPING +0 club.
   252 | D:1      | Reached XP level 2. HP: 19/19 MP: 2/2
   689 | D:1      | 689 ||| UPGRADING to +6 ring of dexterity.
   690 | D:1      | 690 ||| READING 2 scrolls labelled XAUTO USOSANWI.
   691 | D:1      | 691 ||| READING scroll labelled PAIRCH VULAFI.
   692 | D:1      | 692 ||| READING scroll labelled FIETAE JOBENK.
   693 | D:1      | 693 ||| READING 3 scrolls labelled CAGASU TIRICZIOKA.
   694 | D:1      | 694 ||| READING scroll labelled TIUNEF JIHOMUU.
   695 | D:1      | 695 ||| DROPPING 2 scrolls of vulnerability.
   765 | D:2      | Reached skill level 3 in Axes
   765 | D:2      | Reached XP level 3. HP: 23/23 MP: 3/3
   831 | D:2      | Found a faded altar of an unknown god.
   965 | D:2      | 965 ||| Stepping ~*~*~tactically~*~*~ (stealth).
  1006 | D:2      | Reached skill level 1 in Dodging
  1318 | D:2      | 1318 ||| Stepping ~*~*~tactically~*~*~ (hiding).
  1322 | D:2      | Reached XP level 4. HP: 12/28 MP: 4/4
  1322 | D:2      | HP: 6/28 [gnoll/+0 spear (4)]
  1323 | D:2      | Slain by a gnoll

Levels and vault maps discovered:
D:1:      dpeg_arrival_boxorama, layout_loops_cross, minmay_pentomino_o4
D:2:      layout_loops_ring, shapermc_ecumenical_altar_mp_urbaneastern

Skill      XL: |  1  2  3 |
---------------+----------+-----
Axes           | 2 3 |  3.5
Dodging        | 1 |  1.1
Fighting       | |  3.2
Armour         | |  3.2
Shields        | |  3.2

Action                     |  1- 3 |  4- 6 || total
---------------------------+-------+-------++-------
  Melee: War axe           |    77 |     2 ||    79
    Use: Scroll            |     5 |       ||     5
 Armour: Scale mail        |    37 |     1 ||    38
  Dodge: Dodged            |    25 |       ||    25
  Block: Buckler           |    17 |       ||    17

Table legend:
 A = Non-vault XP
 B = Vault XP
 C = Vault XP percentage of total XP
 D = Non-vault monster count
 E = Vault monster count
 F = Vault count percentage of total count
                 A         B        C        D         E       F
            +---------+---------+-------+---------+---------+-------
      Total |     102 |       4 |   3.8 |      27 |       2 |   6.9
            +---------+---------+-------+---------+---------+-------
        D:1 |      16 |       4 |  20.0 |      13 |       2 |  13.3
        D:2 |      86 |       0 |   0.0 |      14 |       0 |   0.0
            +---------+---------+-------+---------+---------+-------
